 Dungeon Crawl Stone Soup version 0.29-a0-617-g7a6b98fccd (webtiles) character file.

Game seed: 7835356234864100943

5 Kaemin the Grasshopper (level 1, 0/17 HPs)
             Began as a Ghoul Warper on June 18, 2022.
             Slain by a hobgoblin (3 damage)
             ... on level 1 of the Dungeon.
             The game lasted 00:00:22 (38 turns).

Kaemin the Grasshopper (Ghoul Warper)                 Turns: 38, Time: 00:00:22

Health: 0/17       AC:  3    Str: 14    XL:     1   Next: 80%
Magic:  2/2        EV: 11    Int:  8    God:
Gold:   0          SH:  0    Dex:  8    Spells: 3/3 levels left

rFire   . . .      SeeInvis .     - Unarmed
rCold   + . .      Faith    .   (no shield)
rNeg    + + +      Spirit   .   a - +0 leather armour
rPois   ∞          Reflect  .   (no helmet)
rElec   .          Harm     .   (no cloak)
rCorr   .          Rampage  .   (no gloves)
Will    .....                   (no boots)
Stlth   +.........              (no amulet)
HPRegen 0.00/turn               (no ring)
MPRegen 0.08/turn               (no ring)

@: inhibited regen
A: claws 1, cold resistance 1, negative energy resistance 3, inhibited
regeneration, torment resistance 2, devour on kill
a: no special abilities


You were on level 1 of the Dungeon.
You visited 1 branch of the dungeon, and saw 1 of its levels.

Inventory:

Missiles
 c - 7 boomerangs of dispersal (quivered)
Armour
 a - a +0 leather armour (worn)
Scrolls
 b - a scroll of blinking
 d - a scroll of identify {unknown}


   Skills:
 + Level 2.1 Fighting
 + Level 0.8 Throwing
 + Level 0.8 Armour
 + Level 1.9 Dodging
 + Level 2.5 Unarmed Combat
 + Level 1.8 Spellcasting
 + Level 2.7 Translocations


You had 3 spell levels left.
You didn't know any spells.
Your spell library contained the following spells:

 Spells                   Type           Power      Damage    Failure   Level
 Blink                    Tloc           10%        N/A       22%         2
 Gell's Gravitas          Tloc           5%         N/A       41%         3
 Lesser Beckoning         Tloc           5%         N/A       41%         3
 Teleport Other           Tloc           5%         N/A       41%         3
 Manifold Assault         Tloc           5%         N/A       99%         5


Dungeon Overview and Level Annotations

Branches:
Dungeon (1/15)

Altars:


Innate Abilities, Weirdness & Mutations

You are immune to poison.
You have sharp fingernails.
Your flesh is cold resistant. (rC+)
You are immune to negative energy. (rN+++)
You do not regenerate when monsters are visible.
You are immune to unholy pain and torment.
You thrive by killing the living.


Message History

You completely miss the frilled lizard.
The frilled lizard is heavily wounded.
The frilled lizard barely misses you.
You barely miss the frilled lizard.
The frilled lizard is heavily wounded.
The frilled lizard barely misses you.
You miss the frilled lizard.
The frilled lizard is heavily wounded.
The hobgoblin barely misses you.
The frilled lizard bites you but does no damage.
You miss the frilled lizard.
The frilled lizard is heavily wounded.
The hobgoblin hits you but does no damage.
The frilled lizard bites you.
You are too injured to fight recklessly!
You are too injured to fight recklessly!
You are too injured to fight recklessly!
You are too injured to fight recklessly!
You are too injured to fight recklessly!
You barely miss the frilled lizard.
The frilled lizard is heavily wounded.
The hobgoblin misses you. The frilled lizard barely misses you.
You completely miss the frilled lizard. The hobgoblin hits you.
* * * LOW HITPOINT WARNING * * *
The frilled lizard closely misses you.
You miss the frilled lizard. The hobgoblin barely misses you.
The frilled lizard bites you but does no damage.
You scratch the frilled lizard but do no damage.
The hobgoblin closely misses you. The frilled lizard closely misses you.
You scratch the hobgoblin.
The hobgoblin is moderately wounded.
The hobgoblin misses you. The frilled lizard closely misses you.
You barely miss the hobgoblin.
The hobgoblin is moderately wounded.
The frilled lizard misses you. The hobgoblin hits you.
* * * LOW HITPOINT WARNING * * *
You scratch the hobgoblin.
The hobgoblin is severely wounded.
The frilled lizard misses you. The hobgoblin hits you.
You die...

## #.###.####..... #.
#..##..#....<..
###.####..#....#.....
###............####...#
#...#.....#.##....#...#
#.......#.......#...#
##......#...##..##.##
#.............###.#
#..@.#..##.##.# #.#
#...gl.......# #
#..#..####....# #. #.#
###..# # .. #.. .## ..
.# ..


You could see a hobgoblin and a frilled lizard.

Vanquished Creatures
  A goblin (D:1)
  2 hobgoblins (D:1)
  2 ball pythons (D:1)
5 creatures vanquished.

Notes
Turn   | Place    | Note
-------+----------+-------------------------------------------
     0 | D:1      | Kaemin the Ghoul Warper began the quest for the Orb.
     0 | D:1      | Reached XP level 1. HP: 17/17 MP: 2/2
    38 | D:1      | Slain by a hobgoblin

Illustrated notes

Levels and vault maps discovered:
D:1:      dpeg_arrival_rhombus, layout_rooms,
          hellmonk_ecumenical_altar_slurped_away, serial_park_tiny_pond

Action                   || total
-------------------------++-------
Melee: Unarmed           ||    22
Armor: Leather armour    ||     5
Dodge: Dodged            ||    23

Table legend: (Time is in decaauts)
 A = Elapsed time spent in this place.
 B = Non-inter-level travel time spent in this place.
 C = Inter-level travel time spent in this place.
 D = Time resting spent in this place.
 E = Time spent auto-exploring this place.
 F = Levels seen in this place.
 G = Mean time per level.
                   A        B        C        D        E       F      G
               +--------+--------+--------+--------+--------+-----+--------+
         Total |     37 |     37 |      0 |      0 |     11 |   1 |   37.0 |
       Dungeon |     37 |     37 |      0 |      0 |     11 |   1 |   37.0 |
               +--------+--------+--------+--------+--------+-----+--------+

Top non-repeatable levels by time:
     D:1: 37 daAuts
